 Dungeon Crawl Stone Soup version 0.22.1-2-g9c5b331383 (webtiles) character file.

58 Jerry the Chopper (level 4, 0/37 HPs)
             Began as a Ghoul Gladiator on Nov 23, 2018.
             Slain by an adder (3 damage)
             ... on level 2 of the Dungeon.
             The game lasted 00:02:54 (668 turns).

Jerry the Chopper (Ghoul Gladiator)                  Turns: 668, Time: 00:02:54

Health: 0/37       AC:  4    Str: 18    XL:     4   Next: 1%
Magic:  3/3        EV: 12    Int:  3    God:
Gold:   76         SH:  0    Dex: 10    Spells: 3/3 levels left

rFire    + . .     SeeInvis .   a - +0 war axe
rCold    . . .     Gourm    .   (no shield)
rNeg     + + +     Faith    .   b - +0 leather armour
rPois    ∞         Spirit   .   c - +0 helmet
rElec    .         Reflect  .   (no cloak)
rCorr    .         Harm     .   (no gloves)
MR       .....                  (no boots)
Stlth    +.........             (no amulet)
HPRegen  0.00/turn              m - ring of fire
MPRegen  0.08/turn              (no ring)

@: rotting
A: rotting body, claws 1, carnivore, cold resistance 1, negative energy
resistance 3, inhibited regeneration, torment resistance, unbreathing
a: no special abilities


You were on level 2 of the Dungeon.
You were not hungry.

You visited 1 branch of the dungeon, and saw 2 of its levels.

You collected 76 gold pieces.

Inventory:

Hand Weapons
 a - a +0 war axe (weapon)
Armour
 b - a +0 leather armour (worn)
 c - a +0 helmet (worn)
Jewellery
 m - a ring of fire (left claw)
Scrolls
 e - 2 scrolls of amnesia {unknown}
 i - 4 scrolls of identify {unknown}
 k - a scroll of random uselessness {unknown}
 l - a scroll of blinking {unknown}
 n - a scroll of teleportation {unknown}
 o - a scroll of enchant armour {unknown}
 p - a scroll of magic mapping {unknown}
Potions
 g - a potion of lignification {unknown}
 j - a potion of degeneration {unknown}
Comestibles
 f - 4 rations
 h - 5 chunks of flesh


   Skills:
 + Level 2.8 Fighting
 * Level 3.4 Axes
 - Level 1.7 Throwing
 + Level 1.1 Armour
 - Level 2.6 Dodging
 + Level 1.6 Stealth


You had 3 spell levels left.
You didn't know any spells.
Your spell library was empty.

Dungeon Overview and Level Annotations

Branches:
Dungeon (2/15)

Altars:


Innate Abilities, Weirdness & Mutations

Your body is rotting away.
You thrive on raw meat.
You are immune to poison.
You have sharp fingernails.
You are carnivorous and can eat meat at any time.
Your flesh is cold resistant. (rC+)
You are immune to negative energy. (rN+++)
You do not regenerate when monsters are visible.
You are immune to unholy pain and torment.
You can survive without breathing.


Message History

The adder bites you.
* * * LOW HITPOINT WARNING * * *
The adder bites you but does no damage.
You closely miss the adder.
The adder is severely wounded.
The adder bites you.
* * * LOW HITPOINT WARNING * * *
Okay, then.
Throwing (i - inventory)
d - 2 throwing nets (quivered)
Press: ? - help, Shift-Dir - straight line, f - adder
Aim: an adder (severely wounded)
You throw a throwing net.
The throwing net closely misses the adder.
The adder closely misses you. x2
Throwing (i - inventory)
d - a throwing net (quivered)
Press: ? - help, Shift-Dir - straight line, f/p - adder
Aim: an adder (severely wounded)
You throw a throwing net. The throwing net misses the adder.
The adder bites you.
You die...

### #.########
#!@S.....(
#.######## #.# #.###
#.#.. #.#.#
#######.#.#
+.......#.# #######
#######...##.......#


You could see an adder.

Vanquished Creatures
  Terence (D:2)
  A worm (D:2)
  A dart slug (D:1)
  A leopard gecko (D:1)
  A ball python (D:1)
  3 giant cockroaches (D:1)
  A goblin (D:1)
  2 hobgoblins
  4 bats
  8 kobolds
  4 rats
27 creatures vanquished.

Notes
Turn   | Place    | Note
-------+----------+-------------------------------------------
     0 | D:1      | Jerry the Ghoul Gladiator began the quest for the Orb.
     0 | D:1      | Reached XP level 1. HP: 17/17 MP: 0/0
     3 | D:1      | Noticed a five-headed hydra
    60 | D:1      | Reached XP level 2. HP: 22/25 MP: 1/1
   150 | D:1      | Reached skill level 3 in Axes
   191 | D:1      | Reached skill level 1 in Stealth
   430 | D:1      | Noticed an anaconda
   585 | D:2      | Reached XP level 3. HP: 29/30 MP: 2/2
   646 | D:2      | Noticed Terence
   655 | D:2      | Killed Terence
   655 | D:2      | Reached skill level 1 in Armour
   655 | D:2      | Reached XP level 4. HP: 28/37 MP: 3/3
   668 | D:2      | Slain by an adder

Skill      XL: |  1  2  3 |
---------------+----------+-----
Axes           | 3 |  3.4
Stealth        | 1 |  1.6
Armour         | 1 |  1.1
Fighting       | |  2.8
Throwing       | |  1.7
Dodging        | |  2.6

Action                   |  1- 3 |  4- 6 || total
-------------------------+-------+-------++-------
Melee: War axe           |    78 |    11 ||    89
Throw: Throwing net      |     1 |     2 ||     3
  Eat: Chunk             |    11 |       ||    11
Armor: Leather armour    |    30 |     5 ||    35
Dodge: Dodged            |    62 |     6 ||    68
